Map: Blackpink LE

Players

Neeb

  • Race: Protoss Protoss
  • Spawn Location: 7:00

Kelazhur - Winner!

  • Race: Terran Terran
  • Spawn Location: 1:00

Event: WESG 2017 Haikou

VOD

Have the link to the VOD?

Description

Time

  • Played on: March 14, 2018, 4:59 a.m.
  • Length: 16:57

All games in this series

Show
View Real Time Build Order
Export as new Build Order

Neeb Protoss 

Build Orders: 1 Gate Expand, Dark Templar Rush 

Get SALT Encoding   

  12  0:00  Probe  
  13  0:12  Probe  
  14  0:17  Pylon  
  14  0:24  Probe  
  15  0:33  Assimilator  
  15  0:37  Probe (Chrono Boost)  
  16  0:43  Gateway  
  16  0:48  Probe (Chrono Boost)  
  17  0:54  Probe  
  18  1:06  Probe  
  20  1:18  Probe  
  20  1:26  Nexus  
  20  1:35  Cybernetics Core  
  20  1:37  Probe  
  21  1:41  Assimilator  
  21  1:49  Probe  
  22  1:57  Pylon  
  22  2:01  Probe  
  23  2:12  Warp Gate  
  23  2:13  Adept (Chrono Boost)  
  23  2:15  Probe  
  26  2:25  Twilight Council  
  26  2:27  Probe  
  27  2:33  Adept  
  29  2:40  Probe x2  
  30  2:52  Probe x2  
  32  3:04  Probe x2  
  34  3:16  Probe x2  
  34  3:19  Dark Shrine  
  36  3:20  Gateway  
  36  3:22  Gateway  
  36  3:27  Stalker (Chrono Boost)  
  36  3:28  Probe  
  36  3:30  Probe  
  40  3:40  Probe  
  40  3:41  Shield Battery  
  41  3:43  Shield Battery  
  41  3:50  Stalker (Chrono Boost), Pylon  
  41  3:52  Probe  
  41  3:54  Probe  
  45  4:00  Pylon  
  45  4:04  Probe  
  45  4:08  Probe  
  34  4:26  Probe x2  
  34  4:31  Dark Templar  
  34  4:32  Dark Templar  
  34  4:34  Dark Templar  
  36  4:38  Probe x2 (Chrono Boost)  
  36  4:42  Dark Templar  
  37  4:49  Pylon  
  37  4:50  Probe (Chrono Boost)  
  37  4:51  Probe (Chrono Boost)  
  39  4:58  Probe x2 (Chrono Boost)  
  41  5:05  Blink, Probe x2 (Chrono Boost)  
  41  5:17  Probe x2 (Chrono Boost)  
  41  5:19  Dark Templar  
  45  5:24  Probe (Chrono Boost)  
  45  5:25  Probe (Chrono Boost)  
  47  5:31  Probe  
  47  5:32  Probe  
  47  5:43  Probe  
  47  5:44  Probe  
  47  5:45  Dark Templar  
  47  5:47  Nexus  
  49  5:50  Pylon  
  49  5:55  Probe, Assimilator  
  49  5:56  Probe  
  49  5:57  Assimilator  
  51  6:06  Robotics Facility  
  51  6:07  Probe  
  51  6:10  Probe  
  53  6:11  Forge  
  53  6:17  Sentry  
  55  6:19  Probe  
  55  6:22  Probe  
  57  6:29  Protoss Ground Armor Level 1 (Chrono Boost)  
  57  6:31  Probe  
  58  6:34  Probe  
  59  6:42  Pylon  
  59  6:43  Probe  
  59  6:45  Sentry  
  59  6:46  Sentry  
  59  6:47  Forge  
  62  6:50  Pylon  
  62  6:58  Probe x2  
  62  7:00  Gateway  
  62  7:01  Immortal (Chrono Boost), Probe, Gateway  
  65  7:02  Gateway  
  69  7:10  Probe  
  69  7:12  Gateway  
  69  7:14  Gateway  
  70  7:16  Probe  
  70  7:17  Probe  
  73  7:22  Probe  
  73  7:23  Dark Templar  
  73  7:27  Dark Templar  
  73  7:28  Probe  
  73  7:29  Probe  
  79  7:30  Sentry  
  79  7:31  Pylon  
  81  7:43  Protoss Ground Weapons Level 1 (Chrono Boost), Pylon  
  81  7:44  Assimilator  
  81  7:45  Assimilator  
  81  7:49  Pylon  
  79  7:53  Immortal  
  79  7:55  Zealot x2  
  87  7:59  Zealot x3  
  87  8:03  Pylon  
  93  8:07  Probe x2  
  93  8:09  Phoenix  
  93  8:10  Probe  
  93  8:11  Charge (Chrono Boost), Pylon  
  96  8:15  Dark Templar x2  
  96  8:19  Probe  
  101  8:20  Archon  
  101  8:24  Pylon  
  99  8:28  Pylon  
  99  8:29  Zealot x2  
  99  8:33  Dark Templar  
  99  8:34  Dark Templar  
  107  8:39  Archon  
  107  8:40  Stalker x2  
  111  8:43  Pylon  
  111  8:46  Observer  
  112  8:54  Nexus  
  112  8:56  Pylon  
  112  9:03  Stalker x3  
  112  9:06  Stalker  
  112  9:08  Probe  
  112  9:09  Probe x2  
  123  9:12  Observer  
  124  9:19  Protoss Ground Weapons Level 2 (Chrono Boost)  
  124  9:21  Probe x3  
  127  9:24  Protoss Ground Armor Level 2 (Chrono Boost)  
  127  9:28  Zealot x4  
  135  9:35  Warp Prism  
  137  9:43  Zealot x3  
  143  9:57  Zealot x5  
  153  10:07  Dark Templar x3  
  159  10:12  Archon  
  157  10:16  Immortal  
  157  10:20  Assimilator  
  161  10:21  Assimilator  
  161  10:27  Zealot  
  163  10:31  Zealot  
  163  10:32  Zealot x3  
  171  10:36  Gateway  
  171  10:37  Gateway  
  171  10:40  Gateway  
  169  10:42  Pylon  
  169  10:43  Pylon  
  169  10:45  Pylon x2  
  135  11:14  Immortal  
  135  11:18  Probe  
  128  11:19  Probe  
  128  11:21  Zealot x8  
  121  11:38  Probe  
  118  11:40  Zealot  
  118  11:42  Zealot x5  
  118  11:43  Zealot x3, Protoss Ground Weapons Level 3 (Chrono Boost)  
  128  11:50  Protoss Ground Armor Level 3 (Chrono Boost)  
  128  11:53  Immortal (Chrono Boost)  
  114  11:59  Sentry x2  
  102  12:03  Nexus  
  102  12:04  Templar Archives  
  102  12:05  Sentry  
  102  12:08  Stalker x3  
  108  12:14  Pylon  
  108  12:18  Stalker x5  
  117  12:23  Immortal (Chrono Boost)  
  121  12:32  Dark Templar x4  
  121  12:36  Archon x2  
  127  12:37  Zealot x2  
  131  12:46  Zealot x4  
  137  12:56  Zealot, Immortal (Chrono Boost)  
  123  13:07  Stalker x4  
  113  13:14  Zealot x3  
  113  13:15  Zealot  
  113  13:21  Zealot x3  
  106  13:30  Zealot x4  
  114  13:36  High Templar x4  
  114  13:40  Archon  
  114  13:41  Archon  
  114  13:43  Zealot x3  
  89  13:56  Probe x2  
  89  13:58  Protoss Shields Level 1 (Chrono Boost), Probe x2  
  89  13:59  High Templar  
  89  14:00  High Templar x3  
  89  14:02  Immortal (Chrono Boost)  
  97  14:04  Archon x2  
  97  14:07  High Templar x3  
  97  14:09  High Templar  
  99  14:10  High Templar x3  
  99  14:14  Archon x3  
  92  14:32  Stalker x4  
  92  14:34  Immortal (Chrono Boost)  
  96  14:41  High Templar x3  
  96  14:42  Zealot x3  
  107  14:49  Archon  
  107  14:50  Archon  
  107  14:51  Zealot  
  105  15:03  Sentry, High Templar x2  
  105  15:04  Zealot x4  
  115  15:07  Archon  
  115  15:12  Assimilator  
  115  15:13  Assimilator  
  115  15:15  Dark Templar  
  115  15:17  Zealot x3  
  119  15:37  Nexus  
  119  15:41  Stalker  
  119  15:42  Stalker x2  
  107  15:44  High Templar x2  
  107  15:49  Archon  
  103  15:51  Stalker x2  
  103  15:56  Stalker  
  99  16:10  Dark Templar  
  99  16:11  Zealot x4  
  105  16:17  Zealot x2  
  113  16:26  Dark Templar x2  
  113  16:27  Dark Templar  
  119  16:33  Archon  
  119  16:34  Sentry  
  119  16:35  Stalker x2  
  115  16:46  Zealot x3  
  105  16:49  Zealot  
Show
View Real Time Build Order
Export as new Build Order

Kelazhur Terran - Winner!

Build Orders: Cyclone Opening, Gas First Reaper Expand, Reaper Expand, MMM Bio 

Get SALT Encoding   

  12  0:00  SCV  
  13  0:12  SCV  
  14  0:17  Supply Depot  
  14  0:25  SCV  
  14  0:27  Refinery  
  15  0:39  SCV  
  16  0:44  Barracks  
  16  0:51  SCV  
  17  1:03  SCV  
  18  1:15  SCV  
  19  1:31  Orbital Command, Reaper  
  20  1:46  Command Center  
  20  1:53  Refinery  
  20  1:57  SCV  
  21  2:06  Factory  
  21  2:08  Barracks Reactor  
  21  2:12  SCV  
  22  2:19  Supply Depot  
  22  2:24  SCV  
  23  2:40  SCV  
  24  2:52  SCV  
  24  2:56  Cyclone x2  
  24  2:58  Marine  
  32  3:01  Orbital Command  
  32  3:05  SCV  
  32  3:16  Barracks Tech Lab  
  32  3:17  SCV  
  32  3:19  Barracks  
  33  3:26  SCV  
  34  3:28  Hellion  
  34  3:29  Hellion  
  34  3:33  SCV  
  39  3:36  Supply Depot  
  39  3:39  SCV  
  40  3:42  Marine  
  40  3:43  Stimpack  
  40  3:47  Supply Depot  
  41  3:48  SCV  
  42  3:58  SCV  
  42  4:01  SCV  
  42  4:02  Factory Tech Lab  
  42  4:11  SCV  
  42  4:14  SCV  
  45  4:23  SCV, Siege Tank  
  49  4:25  Marine, Engineering Bay  
  49  4:26  SCV  
  48  4:35  SCV  
  48  4:38  SCV  
  48  4:40  Engineering Bay  
  48  4:44  Marine  
  42  4:46  Marine  
  42  4:47  SCV  
  42  4:48  Marine  
  42  4:50  SCV  
  43  4:56  Siege Tank  
  43  4:59  SCV  
  44  5:00  Missile Turret  
  44  5:02  SCV  
  44  5:03  Marine  
  44  5:04  Marine, Missile Turret  
  44  5:07  Marine  
  46  5:11  SCV, Missile Turret  
  46  5:17  SCV  
  47  5:21  Marine  
  47  5:22  Marine  
  47  5:24  Marine  
  47  5:25  Terran Infantry Weapons Level 1  
  47  5:26  SCV  
  48  5:31  SCV  
  49  5:39  Marine x2  
  49  5:42  Marine  
  48  5:48  SCV  
  48  5:49  SCV  
  50  5:53  Combat Shields  
  50  5:56  Starport  
  50  5:59  Marine  
  50  6:00  SCV  
  50  6:02  Supply Depot  
  52  6:05  Marine  
  52  6:07  SCV  
  52  6:10  Marine  
  55  6:12  Factory Reactor  
  55  6:14  SCV  
  55  6:17  Refinery, Marine  
  57  6:20  SCV  
  57  6:23  Marine  
  59  6:27  SCV  
  59  6:28  Marine  
  59  6:32  SCV  
  60  6:35  Marine  
  60  6:39  SCV  
  59  6:41  Marine  
  59  6:44  SCV  
  61  6:50  Supply Depot  
  61  6:53  Barracks x2  
  62  6:54  SCV  
  62  6:57  Supply Depot  
  62  7:03  Command Center  
  62  7:11  Raven, SCV x2, Marine x3  
  62  7:13  Refinery, Supply Depot  
  62  7:14  Concussive Shells  
  69  7:19  Widow Mine x2  
  73  7:23  SCV, Terran Infantry Armor Level 1  
  73  7:25  Barracks  
  73  7:27  SCV  
  73  7:29  Marine  
  76  7:31  Marine  
  76  7:35  Marauder, SCV  
  80  7:37  Supply Depot  
  80  7:40  SCV  
  81  7:48  SCV  
  81  7:53  Marine  
  81  7:54  Marine  
  81  7:55  Barracks Tech Lab, Barracks Reactor  
  81  7:56  Marauder  
  85  8:01  SCV  
  85  8:04  SCV  
  87  8:07  Medivac  
  87  8:08  Supply Depot x2, Medivac  
  87  8:11  Marauder, Factory Reactor  
  92  8:14  Armory  
  92  8:17  Supply Depot  
  92  8:24  SCV x2  
  96  8:27  Marauder  
  96  8:29  Barracks Tech Lab  
  96  8:31  Marine  
  96  8:32  Marauder  
  99  8:36  SCV  
  99  8:37  Missile Turret  
  99  8:41  Orbital Command  
  100  8:42  Missile Turret  
  100  8:46  SCV  
  100  8:48  Marauder x2  
  105  8:49  Marine  
  105  8:55  Marine, Medivac x2  
  110  8:57  Marine  
  110  8:59  Marine  
  110  9:02  Marauder  
  115  9:03  SCV  
  115  9:07  Marine  
  115  9:09  Marine  
  118  9:13  Marine  
  118  9:14  Marauder  
  118  9:17  Marine, Terran Infantry Weapons Level 2  
  121  9:19  Widow Mine  
  121  9:20  Missile Turret  
  121  9:23  Widow Mine  
  126  9:25  Medivac  
  126  9:28  Marine x2  
  126  9:29  Marauder, Marine  
  133  9:39  Supply Depot  
  133  9:42  Supply Depot  
  133  9:44  Supply Depot  
  133  9:52  Engineering Bay  
  133  10:00  Ghost Academy, Marine x4  
  133  10:01  Marauder x2  
  133  10:04  Marauder, Widow Mine x2  
  145  10:14  Refinery  
  145  10:18  Marine x4, Command Center  
  145  10:20  Terran Infantry Armor Level 2  
  149  10:29  Ghost x2  
  149  10:31  Ghost, Supply Depot  
  155  10:36  Marine x2  
  155  10:42  Missile Turret  
  157  10:52  Marine x2  
  158  10:59  Marine  
  158  11:00  Marine  
  158  11:01  Marine x3  
  158  11:03  Widow Mine  
  165  11:05  Widow Mine  
  165  11:10  Marine x2  
  142  11:17  Marine  
  132  11:18  Marine  
  132  11:19  Marauder, Marine x2  
  132  11:24  Widow Mine  
  124  11:25  Medivac x2  
  124  11:26  Widow Mine  
  124  11:28  Marine x2  
  126  11:35  Marine  
  126  11:36  Marine  
  126  11:37  Marine x2  
  126  11:40  Marauder  
  126  11:45  Terran Infantry Weapons Level 3  
  126  11:46  Marine x2, Widow Mine  
  127  11:48  Widow Mine  
  127  11:52  Marine  
  121  11:54  Marine  
  121  11:55  Marauder, Marine  
  119  12:01  Marine  
  119  12:04  Marine x2  
  119  12:07  Widow Mine  
  119  12:08  SCV x3  
  126  12:09  Widow Mine  
  126  12:10  Marine  
  126  12:12  Marine  
  126  12:13  Marine  
  132  12:17  Marauder  
  132  12:19  Marine  
  132  12:20  SCV x2  
  132  12:22  Marine x2  
  139  12:24  Planetary Fortress  
  139  12:26  Missile Turret  
  139  12:28  Marine  
  139  12:29  Widow Mine  
  142  12:31  Marauder  
  144  12:37  Marauder, Marine  
  144  12:38  Marauder  
  144  12:39  Marine, Widow Mine  
  152  12:45  Liberator x2  
  152  12:50  Widow Mine  
  149  12:56  Marauder  
  149  12:57  Marine  
  144  12:59  Marauder  
  144  13:00  Widow Mine  
  142  13:09  Marauder, Marine  
  142  13:11  Widow Mine  
  134  13:14  Marine  
  134  13:15  Marine  
  134  13:18  Marauder  
  135  13:20  Marauder  
  135  13:26  Marine, Widow Mine  
  129  13:28  Liberator x2  
  129  13:29  SCV x2  
  129  13:30  Marauder  
  129  13:33  Widow Mine  
  135  13:39  Marauder, Marine x2  
  135  13:40  Marine  
  139  13:47  Marine, Widow Mine  
  139  13:54  Widow Mine  
  128  13:56  Marauder  
  128  14:03  Marauder  
  128  14:09  Widow Mine  
  128  14:11  Marauder  
  128  14:13  Marine  
  128  14:14  Marine  
  128  14:16  Widow Mine  
  129  14:19  Marine  
  129  14:20  Marauder, Marine  
  127  14:24  Marine  
  127  14:27  Barracks x2  
  127  14:28  Barracks  
  127  14:30  Widow Mine, Medivac x2  
  132  14:31  Marine  
  132  14:32  Marine x2  
  132  14:37  Marine, Widow Mine  
  138  14:38  Marine  
  138  14:41  Marauder  
  138  14:43  Marauder  
  143  14:46  Command Center  
  143  14:49  Marine x2  
  143  14:50  Marine  
  143  14:51  Widow Mine  
  148  14:55  Marine  
  148  14:56  Marine  
  139  15:00  Medivac x2  
  139  15:02  Marauder  
  139  15:04  Marauder  
  146  15:10  Marine x2  
  146  15:11  Marauder  
  146  15:12  Widow Mine  
  146  15:13  Widow Mine  
  154  15:16  Marine x2, Starport  
  156  15:23  Ghost  
  156  15:25  Marine  
  156  15:28  Marine x2  
  161  15:40  Marauder  
  161  15:41  Widow Mine  
  150  15:46  Widow Mine  
  144  15:51  Marine  
  144  15:52  Marauder, Medivac  
  144  15:53  Medivac  
  145  15:58  Marauder, Marine x3  
  145  16:01  Marine  
  145  16:02  Widow Mine  
  151  16:05  Marine x2  
  151  16:06  Marine  
  151  16:08  Widow Mine  
  151  16:09  Marine  
  157  16:12  Marine  
  157  16:17  Marine  
  157  16:18  Marine x2  
  161  16:19  Marauder, Marine  
  161  16:22  Missile Turret  
  161  16:23  Marine  
  161  16:24  Widow Mine  
  173  16:29  Widow Mine  
  173  16:31  Marauder  
Tags
 
Add a new tag
Caveats
  • Supply blocks, unpowered buildings, or Contaminate may cause inaccurate times.
  • Supply counts are checked every 10 seconds.